 Dungeon Crawl Stone Soup version 0.31-a0-626-g8143ab4f1d (webtiles) character file.

Game seed: 9926490707264331915

10579 kae the Mimic (level 11, -2/86 HPs)
             Began as a Black Draconian Shapeshifter on Aug 24, 2023.
             Was an Initiate of Ru.
             Killed from afar by an orc wizard (4 damage)
             ... with a puff of flame
             ... on level 8 of the Dungeon.
             The game lasted 00:11:42 (11472 turns).

kae the Mimic (Black Draconian Shapeshifter)       Turns: 11472, Time: 00:11:43

Health: -2/86      AC:  8    Str: 18    XL:     11   Next: 38%
Magic:  11/11      EV: 27    Int:  8    God:    Ru [......]
Gold:   363        SH:  0    Dex: 16    Spells: 10/10 levels left

rFire   . .          .
                       - Unarmed
rCold   . . .        (shield currently unavailable)
rNeg    . . .        (body armour unavailable)
rPois   +            (helmet restricted)
rElec   +            M - +0 cloak "Qozxiz" {rPois}
rCorr   .            (no gloves)
SInv    +            (no boots)
Will    .....        A - amulet of the acrobat
Stlth   +            L - ring of flight
HPRegen 0.34/turn    v - ring of see invisible
MPRegen 0.12/turn

%: acrobat
@: short of breath, flux-form, marked, acrobatic, flying, glowing, studying
Dodging
A: glow, contaminating, breathe lightning, AC +7, unfitting armour, electricity
resistance, cold-blooded
a: Breathe Lightning, Begin Untransformation, Renounce Religion


You were on level 8 of the Dungeon.
You worshipped Ru.
Ru was noncommittal.
You were something dangerously unstable.
You visited 2 branches of the dungeon, and saw 12 of its levels.
You also visited: Ossuary.

You collected 439 gold pieces.
You spent 76 gold pieces at shops.


Innate Abilities, Weirdness & Mutations

You are something dangerously unstable.
You glow with magical radiation, making you easy to see and hit.
Foes you strike become dangerously contaminated with magical radiation.
You are incapable of wielding weapons or throwing items.
You can breathe wild blasts of lightning.
Your glossy black scales are hard. (AC +7)
You cannot fit into any form of body armour.
You are resistant to electric shocks. (rElec)
You are cold-blooded and may be slowed by cold attacks.


   Skills:
 - Level 5.0 Fighting
 - Level 1.7 Dodging
 - Level 10.0 Unarmed Combat
 + Level 13.8 Shapeshifting


You had 10 spell levels left.
You didn't know any spells.
Your spell library contained the following spells:

 Spells                   Type           Power      Damage    Failure   Level
 Wereblood                Tmut           0%         N/A       54%         2
 Portal Projectile        Hex/Tloc       0%         N/A       78%         3
 Tukima's Dance           Hex            0%         N/A       78%         3
 Iskenderun's Mystic Bla  Conj/Tloc      0%         2d3       99%         4
 Irradiate                Conj/Tmut      0%         3d11      100%        5
 Simulacrum               Ice/Necr       0%         N/A       100%        6
 Ozocubu's Refrigeration  Ice            0%         4d7       100%        7
 Polar Vortex             Ice            0%         N/A       100%        9

Inventory:

Missiles
 d - 86 stones
 f - a throwing net {=f!f}
 h - 33 poisoned darts
 s - 3 javelins
 D - 4 silver javelins
 H - 5 atropa-tipped darts
 J - a curare-tipped dart {=f}
 K - 3 boomerangs
Armour
 M - the +0 cloak "Qozxiz" (worn) {rPois}
   (You found it on level 8 of the Dungeon)

   rPois:     It protects you from poison
Magical Staves
 B - a staff of poison {!a}
   (You found it on level 10 of the Dungeon)
Jewellery
 v - a ring of see invisible (right hand)
   (You found it on level 10 of the Dungeon)
 A - an amulet of the acrobat (around neck)
   (You took it off a kobold on level 6 of the Dungeon)
 F - a ring of fire
   (You found it on level 10 of the Dungeon)
 I - a +6 ring of intelligence
   (You found it on level 4 of the Dungeon)
 L - a ring of flight (left hand)
   (You found it on level 7 of the Dungeon)
 N - a ring of positive energy
   (You found it on level 3 of the Dungeon)
Talismans
 b - a beast talisman
 c - a flux talisman (active)
Wands
 n - a wand of flame (15)
   (You found it on level 3 of the Dungeon)
 t - a wand of polymorph (5)
   (You took it off Jeremiah on level 7 of the Dungeon)
 u - a wand of digging (7)
   (You found it on level 7 of the Dungeon)
 w - a wand of mindburst (16)
   (You found it on level 7 of the Dungeon)
 C - a wand of iceblast (8)
   (You found it on level 10 of the Dungeon)
Scrolls
 e - a scroll of fog
 i - 4 scrolls of identify {@r1}
 m - a scroll of poison {!r}
 o - 4 scrolls of vulnerability {!r!r}
 y - a scroll of fear
 z - 2 scrolls of revelation
 G - a scroll of teleportation {@r4}
 O - a scroll of brand weapon
Potions
 a - 3 potions of lignification {!q}
 g - 4 potions of attraction {!q}
 j - a potion of haste {@q3}
 k - 5 potions of curing {@q1}
 l - a potion of mutation {!q}
 p - 2 potions of heal wounds {@q2}
 q - 3 potions of degeneration {!q}
 r - 3 potions of might
 x - 3 potions of enlightenment
 E - 2 potions of resistance

Dungeon Overview and Level Annotations

Branches:
Dungeon (11/15) Zot: 24770  Temple (1/1) D:5 Zot: 5998    Lair (0/5) D:10
Ossuary (visited)
    Orc: D:9-12

Altars:
Ashenzari
Cheibriados
Dithmenos
Elyvilon
Fedhas
Gozag
Hepliaklqana
Kikubaaqudgha
Makhleb
Nemelex Xobeh
Qazlal
Ru
Sif Muna
Trog
Uskayaw
Vehumet
Wu Jian
Xom
Yredelemnul
Zin
The Shining One

Shops:
D:1 *[?   D:3 *   D:5 (   D:7 ((:   D:9 *

Annotations:
D:2 Terence
D:4 Menkaure
D:9 3 runed translucent doors

##..#
#.#..####'#######...#
##..'
#.#..#.........##.#.#
#..#
#.#..#.........##.#.#
.....#.........#..#.#
..#.######'###....#.#
..#...............#.#
..................#.#
###.).o............####
o...#.Boo..>...........
### ##)oo)..###.....###
........###..#..........
#######.#....#.#...#.###
#.#..).#.#........ #.#.#
.#...#.#.### #....
#..##.#.... ###.#
#...#.#.###
#######.#####..#.#.#


You could see 2 orc wizards and 3 orcs.


Message History

The orc wizard closely misses you. The white imp barely misses you.
Unknown command.
You punch the orc priest!
The orc priest begins to glow.
An orc comes into view. It is wielding a +0 hand axe.
The orc wizard hits you but does no damage.
The orc priest hits you with a +0 hand axe.
The orc wizard hits you with a +0 dagger.
The orc throws a boomerang.
The boomerang closely misses the orc wizard.
The boomerang hits you but does no damage.
The white imp gestures at you. The puff of frost hits you. 😮 HP[-8]
You take 8 damage, and now have 46/86 hp.
You hit the white imp.
The white imp begins to glow.
Your tail-slap misses the white imp.
Unknown command.
You punch the white imp!
You kill the white imp!
The orc throws a boomerang.
The boomerang closely misses the orc wizard.
The boomerang closely misses you.
The orc wizard hits you but does no damage.
The orc priest hits you with a +0 hand axe.
* * * LOW HITPOINT WARNING * * *
The orc wizard hits you with a +0 dagger.
* * * LOW HITPOINT WARNING * * *
😨 HP[-7]
You take 7 damage, and now have 39/86 hp.
Unknown command.
You hit the orc priest.
The orc priest glows dangerously bright.
An orc comes into view. It is wielding a +0 hand axe.
The orc wizard mumbles some strange words.
The orc wizard flickers and vanishes for a moment.
The orc priest barely misses you.
The orc priest hits you with a +0 hand axe.
* * * LOW HITPOINT WARNING * * *
😨 HP[-1]
You take 1 damage, and now have 38/86 hp.
Unknown command.
You hit the orc priest.
The orc priest shudders as magic cascades through it!!!
You kill the orc priest!
The orc wizard barely misses you.
The orc priest hits you but does no damage.
The orc wizard barely misses you.
The orc throws a boomerang.
The boomerang hits you but does no damage.
The orc wizard attacks as it pursues you!
The orc wizard hits you but does no damage.
The orc priest hits you but does no damage.
The orc completely misses you. x2
Items here: )) [ ††.
You closely miss the orc priest. You tail-slap the orc priest.
The orc wizard barely misses you.
The orc priest mumbles some strange prayers to Beogh against you.
Pain shoots through your body!
* * * LOW HITPOINT WARNING * * *
The orc wizard points at you and mumbles some strange words.
The puff of flame hits you.
* * * LOW HITPOINT WARNING * * *
The orc misses you. The orc hits you but does no damage.
Unknown command.
You hit the orc priest.
The orc priest begins to glow.
You tail-slap the orc priest. 😨 HP[-13]
You take 13 damage, and now have 25/86 hp.
You hit the orc priest.
The orc priest glows dangerously bright.
The orc hits you but does no damage.
The orc wizard hits you with a +0 dagger.
* * * LOW HITPOINT WARNING * * *
The orc priest invokes the aid of Beogh against you.
Beogh smites you!
* * * LOW HITPOINT WARNING * * *
The orc wizard hits you but does no damage.
The orc hits you but does no damage. x2 😱 HP[-11]
You take 11 damage, and now have 14/86 hp.
Unknown command.
You can't do that yet.
Unknown command.
Unknown command.
You hit the orc priest.
The orc priest shudders as magic cascades through it!
You kill the orc priest!
The orc completely misses you. The orc hits you with a +0 hand axe.
* * * LOW HITPOINT WARNING * * *
The orc wizard hits you with a +0 dagger.
* * * LOW HITPOINT WARNING * * *
The orc hits you with a +0 hand axe.
* * * LOW HITPOINT WARNING * * *
The orc wizard hits you with a +0 dagger.
* * * LOW HITPOINT WARNING * * *
😱 HP[-13]
You take 13 damage, and now have 1/86 hp.
The orc attacks as it pursues you! The orc closely misses you.
The orc wizard casts a spell at you. The puff of flame hits you.
You die...

Skill      XL: |  1  2  3  4  5  6  7  8  9 10 11 |
---------------+----------------------------------+-----
Fighting       | 2 3 4 5 |  5.0
Shapeshifting  | 4 5 6 8 10 12 13 | 13.8
Unarmed Combat | 4 5 6 9 10 | 10.0
Dodging        | |  1.7

Action                     |  1- 3 |  4- 6 |  7- 9 | 10-12 || total
---------------------------+-------+-------+-------+-------++-------
  Melee: Unarmed           |    82 |   174 |   361 |   330 ||   947
         Tailslap          |    12 |    18 |    78 |    51 ||   159
         Punch             |       |     4 |       |       ||     4
 Invoke: Reject Sacrifices |       |       |       |     1 ||     1
Ability: Breathe Lightning |       |       |     6 |     7 ||    13
  Evoke: Wand              |       |     4 |       |       ||     4
    Use: Scroll            |     2 |     5 |     7 |     4 ||    18
         Potion            |       |     3 |     2 |       ||     5
   Stab: Sleeping          |     1 |     5 |       |       ||     6
 Armour: Skin              |    27 |    44 |   107 |    97 ||   275
  Dodge: Dodged            |    50 |    98 |   202 |   239 ||   589
   Form: Flux              |       |     1 |       |       ||     1

Levels and vault maps discovered:
D:1:      co_arrival_square_in_a_square_in_a_square, layout_basic, serial_shops,
          shop, nicolae_shop_hallway_plus, shop, minmay_pentomino_r2
D:2:      layout_basic, hellmonk_ecumenical_altar_defaced_shrine,
          kennysheep_generic_room_9, uniq_terence
D:3:      layout_loops_ring, tso_oasis_becter, zin_purify,
          nicolae_overflow_two_pavilions
D:4:      layout_cave_pools, serial_bayou_pond_d, uniq_menkaure, uniq_eustachio,
          uniq_edmund
D:5:      layout_loops_corners, grunt_dithmenos_smoke_and_mirrors,
          elyvilon_altar_5, minmay_temple_entry_glassed_door,
          nicolae_ossuary_entry_plus, serial_shops, nicolae_shop_trees
D:6:      layout_rooms, nicolae_overflow_crystal_walls, minmay_crystal_water,
          chequers_serial_rivers_marsh, uniq_sigmund, uniq_pikel
D:7:      minmay_opposing_rooms, layout_basic, kennysheep_mini, serial_shops,
          nicolae_take_the_stairs, nicolae_shop_bloodbath_and_beyond, shop,
          uniq_jeremiah
D:8:      layout_basic, general_overflow_altar
D:9:      layout_basic, mainiacjoe_overflow_24_doors,
          ploomutoo_gammafunk_ghost_potion_laboratory, serial_shops, shop
D:10:     layout_loops_ring, grunt_gozag_statues,
          nicolae_ru_the_path_less_chosen, lemuel_blue_sif_altar,
          lair_entry_dummy, kennysheep_island_fort
D:11:     layout_cave_pools, orc_0_dummy, patterned_corridor
Temple:   jpeg_temple_island

Notes
Turn   | Place    | Note
-------+----------+-------------------------------------------
     0 | D:1      | kae the Draconian Shapeshifter began the quest for the Orb.
     0 | D:1      | Reached XP level 1. HP: 16/16 MP: 1/1
     0 | D:1      | magus.rc [v1.11.3]
    50 | D:1      | Reached XP level 2. HP: 21/23 MP: 2/2
   106 | D:1      | Found Amuf's Assorted Antiques.
   242 | D:1      | Found Puul's Magic Scroll Boutique.
   247 | D:1      | Bought a scroll of identify for 24 gold pieces
   314 | D:1      | Reached XP level 3. HP: 29/29 MP: 3/3
   361 | D:1      | Found Yskitim's Armour Emporium.
   705 | D:2      | Reached skill level 2 in Fighting
   901 | D:2      | Reached XP level 4. HP: 23/36 MP: 4/4
  1009 | D:2      | Noticed Terence
  1277 | D:2      | Reached skill level 4 in Shapeshifting
  1349 | D:2      | Found a faded altar of an unknown god.
  1628 | D:3      | Found Zin's Purification Station.
  1628 | D:3      | Found a glowing silver altar of Zin.
  1897 | D:3      | Reached XP level 5. HP: 42/42 MP: 5/5
  2014 | D:3      | Found a glowing golden altar of the Shining One.
  2204 | D:3      | Found a hide-covered altar of Uskayaw.
  2204 | D:3      | Found a snail-covered altar of Cheibriados.
  2363 | D:4      | Reached skill level 4 in Unarmed Combat
  2389 | D:4      | Reached skill level 3 in Fighting
  2394 | D:4      | Noticed Edmund
  2450 | D:4      | Noticed Eustachio
  2621 | D:4      | Reached XP level 6. HP: 37/51 MP: 6/6
  2691 | D:4      | Noticed Menkaure
  2823 | D:4      | Reached skill level 5 in Shapeshifting
  2978 | D:4      | HP: 1/51 [+1 spectral quarterstaff[Eustachio] (16)]
  2984 | D:4      | HP: 19/76 [+1 spectral quarterstaff[Eustachio] (5)]
  2985 | D:4      | HP: 3/76 [+1 spectral quarterstaff[Eustachio] (11)]
  2991 | D:4      | Killed Eustachio
  3117 | D:3      | Killed Edmund
  3118 | D:3      | Reached skill level 4 in Fighting
  3118 | D:3      | Your scales start taking on a glossy black colour.
  3118 | D:3      | Reached XP level 7. HP: 21/59 MP: 7/7
  3118 | D:3      | Gained mutation: You are resistant to electric shocks.
                  | (rElec) [Black Draconian growth]
  3494 | D:5      | Entered Level 5 of the Dungeon
  3500 | D:5      | Reached skill level 6 in Shapeshifting
  3626 | D:5      | Noticed a steam dragon
  3641 | D:5      | HP: 12/54 [steam dragon (3)]
  3642 | D:5      | HP: 1/54 [steam dragon/ball of steam (11)]
  3644 | D:5      | Killed a steam dragon
  3645 | D:5      | Reached skill level 5 in Unarmed Combat
  3698 | D:5      | Found a sand-covered staircase.
  3750 | Ossuary  | Entered an ossuary
  3885 | Ossuary  | HP: 12/57 [elf zombie (5)]
  3888 | Ossuary  | Reached skill level 5 in Fighting
  3888 | Ossuary  | Reached XP level 8. HP: 14/68 MP: 8/8
  3961 | Ossuary  | Reached skill level 7 in Shapeshifting
  3963 | Ossuary  | HP: 10/68 [bounced beam (10)]
  3975 | Ossuary  | Reached skill level 6 in Unarmed Combat
  3995 | Ossuary  | HP: 16/68 [mummy (11)]
  4000 | Ossuary  | HP: 12/68 [elf zombie (2)]
  4365 | D:5      | Found a white marble altar of Elyvilon.
  4379 | D:5      | Reached skill level 8 in Shapeshifting
  4547 | D:5      | You pick up a book of Weapons and begin reading...
  4547 | D:5      | You add the spells Tukima's Dance, Portal Projectile and
                  | Iskenderun's Mystic Blast to your library.
  4689 | D:5      | Found a shadowy altar of Dithmenos.
  4725 | D:5      | Found Giazocia's Antique Weapon Shoppe.
  4798 | D:5      | Found a staircase to the Ecumenical Temple.
  4810 | Temple   | Entered the Ecumenical Temple
  5266 | D:6      | Reached XP level 9. HP: 71/74 MP: 9/9
  5288 | D:5      | Reached skill level 7 in Unarmed Combat
  5529 | D:6      | Reached skill level 9 in Shapeshifting
  5606 | D:6      | Noticed Pikel
  5620 | D:6      | Killed Pikel
  6101 | D:6      | Reached skill level 8 in Unarmed Combat
  6101 | D:6      | Reached skill level 10 in Shapeshifting
  6234 | D:6      | Noticed Sigmund
  6240 | D:6      | Killed Sigmund
  6386 | D:6      | You pick up a book of Ice and begin reading...
  6386 | D:6      | You add the spells Simulacrum, Ozocubu's Refrigeration and
                  | Polar Vortex to your library.
  6746 | D:6      | Found a broken altar of Ashenzari.
  6877 | D:7      | Noticed Jeremiah
  6885 | D:7      | Killed Jeremiah
  6886 | D:7      | Reached skill level 9 in Unarmed Combat
  6930 | D:7      | Found Cifoh's Weapon Shoppe.
  7036 | D:7      | Reached XP level 10. HP: 67/81 MP: 10/10
  7082 | D:7      | Noticed a manticore
  7091 | D:7      | Killed a manticore
  7235 | D:7      | You pick up a book of Changes and begin reading...
  7235 | D:7      | You add the spells Wereblood and Irradiate to your library.
  7311 | D:7      | Found Vasearei's Book Boutique.
  7631 | D:7      | Found Soesiseeffy's Weapon Boutique.
  7928 | D:7      | Found a blossoming altar of Fedhas.
  8074 | D:8      | You fall into a shaft and drop 3 floors!
  8081 | D:10     | Entered Level 10 of the Dungeon
  8113 | D:10     | Reached skill level 10 in Unarmed Combat
  8113 | D:10     | Reached skill level 11 in Shapeshifting
  8148 | D:10     | Noticed a deep troll earth mage
  8155 | D:10     | Killed a deep troll earth mage
  8371 | D:10     | Found a shimmering blue altar of Sif Muna.
  8618 | D:10     | Found an opulent altar of Gozag.
  8674 | D:10     | Reached skill level 12 in Shapeshifting
  8931 | D:10     | Found a staircase to the Lair.
  8989 | D:10     | Found a sacrificial altar of Ru.
  9200 | D:10     | Became a worshipper of Ru the Awakened
  9415 | D:9      | Reached XP level 11. HP: 71/86 MP: 11/11
  9448 | D:9      | HP: 21/86 [killer bee (4)]
  9453 | D:9      | HP: 13/86 [poisoned by a killer bee]
  9731 | D:9      | Reached skill level 13 in Shapeshifting
  9748 | D:9      | HP: 21/86 [poisoned by a killer bee]
 10039 | D:9      | HP: 20/86 [orc priest/+0 mace (6)]
 10050 | D:9      | HP: 19/86 [orc/+0 club (4)]
 10305 | D:9      | Noticed a two-headed ogre
 10310 | D:9      | Killed a two-headed ogre
 10681 | D:9      | Found a bloodstained altar of Trog.
 10818 | D:9      | Found Coppy's General Store.
 10822 | D:9      | Bought a scroll of identify for 26 gold pieces
 10822 | D:9      | Bought a scroll of identify for 26 gold pieces
 10868 | D:9      | Found a runed translucent gate.
 10868 | D:9      | Found a runed translucent gate.
 10868 | D:9      | Found a runed translucent gate.
 10869 | D:9      | Noticed a red ugly thing
 10869 | D:9      | Noticed an orb spider
 10869 | D:9      | Noticed a white ugly thing
 10869 | D:9      | an orb spider changed into a two-headed ogre
 10869 | D:9      | Noticed a two-headed ogre (glowing shapeshifter)
 10869 | D:9      | Noticed a white ugly thing
 10869 | D:9      | Noticed a white ugly thing
 10872 | D:9      | a two-headed ogre changed into a redback
 10939 | D:9      | Noticed a two-headed ogre
 10939 | D:9      | a two-headed ogre changed into a mana viper
 10939 | D:9      | Noticed a mana viper (glowing shapeshifter)
 10939 | D:9      | Noticed a green ugly thing
 10940 | D:9      | Noticed a white ugly thing
 11070 | D:9      | a redback changed into a fire crab
 11070 | D:9      | Noticed a fire crab (glowing shapeshifter)
 11073 | D:9      | a fire crab changed into a swamp dragon
 11073 | D:9      | Noticed a swamp dragon (glowing shapeshifter)
 11074 | D:9      | a swamp dragon changed into a glowing orange brain
 11074 | D:9      | Noticed a glowing orange brain (glowing shapeshifter)
 11079 | D:9      | a glowing orange brain changed into a swamp dragon
 11079 | D:9      | Noticed a swamp dragon (glowing shapeshifter)
 11260 | D:8      | Identified the +0 cloak "Qozxiz" {rPois}
 11470 | D:8      | HP: 14/86 [orc priest/divine providence (10)]
 11471 | D:8      | HP: 4/86 [orc/+0 hand axe (3)]
 11471 | D:8      | HP: 1/86 [orc wizard/+0 dagger (3)]
 11472 | D:8      | Killed from afar by an orc wizard

Vanquished Creatures
  A two-headed ogre (D:9)
  A deep troll earth mage (D:10)
  Pikel (D:6)
  A manticore (D:7)
  Jeremiah (D:7)
  An unseen horror (D:10)
  A troll (D:9)
  A hornet (D:9)
  Sigmund (D:6)
  2 shadows
  A wyvern (D:9)
  11 yaks
  Eustachio (D:4)
  3 vampire mosquitoes (D:10)
  A steam dragon (D:5)
  Edmund (D:3)
  A water moccasin (D:7)
  2 acid dragons (D:9)
  2 black bears (D:7)
  3 sky beasts
  An ice beast (D:6)
  3 ogres (D:5)
  4 orc warriors
  3 centaurs
  6 elf zombies (Ossuary)
  A phantom (D:5)
  3 kobold brigands
  2 gnoll sergeants
  2 scorpions (D:5)
  4 wights
  12 killer bees (D:9)
  2 howler monkeys
  An electric eel (D:10)
  4 centaur zombies (Ossuary)
  3 hounds
  2 jellies
  2 iguanas (D:7)
  6 orc priests
  2 human zombies (Ossuary)
  6 orc wizards
  3 mummies (Ossuary)
  17 adders
  13 gnolls
  2 shadow imps
  4 white imps
  3 ufetubi
  3 worms
  3 dart slugs
  31 orcs
  5 ball pythons
  7 bats
  8 endoplasms
  2 giant cockroaches
  5 goblins
  9 hobgoblins
  4 jackals (D:4)
  4 quokkas
  5 frilled lizards
  22 kobolds
  7 rats
263 creatures vanquished.

Table legend:
 A = Non-vault XP
 B = Vault XP
 C = Vault XP percentage of total XP
 D = Non-vault monster count
 E = Vault monster count
 F = Vault count percentage of total count
                 A         B        C        D         E       F
            +---------+---------+-------+---------+---------+-------
      Total |    9973 |    5140 |  34.0 |     222 |      40 |  15.3
            +---------+---------+-------+---------+---------+-------
        D:1 |      39 |       4 |   9.3 |      23 |       2 |   8.0
        D:2 |     103 |      13 |  11.2 |      18 |       5 |  21.7
        D:3 |      98 |     162 |  62.3 |      23 |       1 |   4.2
        D:4 |     284 |     196 |  40.8 |      28 |       1 |   3.4
        D:5 |    1135 |       0 |   0.0 |      20 |       0 |   0.0
        D:6 |    1116 |     843 |  43.0 |      27 |       2 |   6.9
        D:7 |     601 |    1649 |  73.3 |      19 |      11 |  36.7
        D:8 |     548 |       0 |   0.0 |      17 |       0 |   0.0
        D:9 |    4047 |       0 |   0.0 |      33 |       0 |   0.0
       D:10 |    2002 |    1389 |  41.0 |      14 |       3 |  17.6
    Ossuary |       0 |     884 | 100.0 |       0 |      15 | 100.0
            +---------+---------+-------+---------+---------+-------

Skill      XL: |  1  2  3  4  5  6  7  8  9 10 11 |
---------------+----------------------------------+-----
Fighting       | 2 3 4 5 |  5.0
Shapeshifting  | 4 5 6 8 10 12 13 | 13.8
Unarmed Combat | 4 5 6 9 10 | 10.0
Dodging        | |  1.7

Action                     |  1- 3 |  4- 6 |  7- 9 | 10-12 || total
---------------------------+-------+-------+-------+-------++-------
  Melee: Unarmed           |    82 |   174 |   361 |   330 ||   947
         Tailslap          |    12 |    18 |    78 |    51 ||   159
         Punch             |       |     4 |       |       ||     4
 Invoke: Reject Sacrifices |       |       |       |     1 ||     1
Ability: Breathe Lightning |       |       |     6 |     7 ||    13
  Evoke: Wand              |       |     4 |       |       ||     4
    Use: Scroll            |     2 |     5 |     7 |     4 ||    18
         Potion            |       |     3 |     2 |       ||     5
   Stab: Sleeping          |     1 |     5 |       |       ||     6
 Armour: Skin              |    27 |    44 |   107 |    97 ||   275
  Dodge: Dodged            |    50 |    98 |   202 |   239 ||   589
   Form: Flux              |       |     1 |       |       ||     1

Illustrated notes

Table legend:
 A = Kills in this place as a percentage of kills in the entire game.
 B = Kills by you in this place as a percentage of kills by you in the entire game.
 C = Kills by friends in this place as a percentage of kills by friends in the entire game.
 D = Other kills in this place as a percentage of other kills in the entire game.
 E = Experience gained in this place as a percentage of experience gained in the entire game.
 F = Experience gained in this place divided by the number of levels of this place that you have seen.
                   A       B       C       D       E      F
               +-------+-------+-------+-------+-------+----------------------
         Total | 100.0 | 100.0 |   N/A |   N/A | 100.0 | 1162.5
       Dungeon |  94.3 |  94.3 |   N/A |   N/A |  94.2 | 1293.5
       Ossuary |   5.7 |   5.7 |   N/A |   N/A |   5.8 | 884.0
               +-------+-------+-------+-------+-------+----------------------

Table legend: (Time is in decaauts)
 A = Elapsed time spent in this place.
 B = Non-inter-level travel time spent in this place.
 C = Inter-level travel time spent in this place.
 D = Time resting spent in this place.
 E = Time spent auto-exploring this place.
 F = Levels seen in this place.
 G = Mean time per level.
                   A        B        C        D        E       F      G
               +--------+--------+--------+--------+--------+-----+--------+
         Total |  11353 |  11022 |    331 |   2343 |   6695 |  13 |  873.3 |
       Dungeon |  10859 |  10530 |    329 |   2080 |   6605 |  11 |  987.2 |
        Temple |      1 |      0 |      1 |      0 |      0 |   1 |    1.0 |
       Ossuary |    492 |    492 |      0 |    263 |     90 |   1 |  492.0 |
               +--------+--------+--------+--------+--------+-----+--------+

Top non-repeatable levels by time:
     D:9: 1854 daAuts
     D:5: 1790 daAuts
     D:7: 1126 daAuts
    D:10: 1117 daAuts
     D:6: 1006 daAuts
     D:2: 974 daAuts
     D:4: 943 daAuts
     D:3: 917 daAuts
     D:1: 649 daAuts
 Ossuary: 492 daAuts
     D:8: 472 daAuts
    D:11: 6 daAuts
  Temple: 1 daAuts
